 Dungeon Sprint DCSS version 0.24-a0-525-g9231cdc (webtiles) character file.

Game seed: 2008477548239200867

1211 silentkaos13 the Thaumaturge (level 8, -6/71 HPs)
             Began as a Gnoll Wanderer on Aug 3, 2019.
             Was a Follower of Vehumet.
             Mangled by Sonja
             ... wielding a +1 dagger of draining
              (8 damage)
             ... in the Dungeon (Sprint I: "Red Sonja").
             The game lasted 00:06:18 (1129 turns).

silentkaos13 the Thaumaturge (Gnoll Wanderer)       Turns: 1129, Time: 00:06:18

Health: -6/71      AC:  3    Str: 18    XL:     8   Next: 46%
Magic:  12/21      EV: 12    Int: 14    God:    Vehumet [*.....]
Gold:   21         SH:  0    Dex: 14    Spells: 16/26 levels left

rFire    . . .     SeeInvis .   b - +0 quarterstaff
rCold    . . .     Gourm    .   (shield currently unavailable)
rNeg     . . .     Faith    .   m - +0 leather armour
rPois    .         Spirit   .   (no helmet)
rElec    .         Reflect  .   (no cloak)
rCorr    .         Harm     .   (no gloves)
MR       .....     NoTele   +   (no boots)
Stlth    ++........             (no amulet)
HPRegen  0.21/turn              (no ring)
MPRegen  0.17/turn              (no ring)

@: lethally poisoned (-6 -> -7), very slightly contaminated, very heavily
drained
A: distributed training, fangs 1, strong nose
a: Renounce Religion


You were in the Dungeon.
You worshipped Vehumet.
Vehumet was aware of your devotion.
You were not hungry.

You visited 1 branch You collected 421 gold pieces.
You spent 400 gold pieces at shops.

Inventory:

Hand Weapons
 a - a +0 club
 b - a +0 quarterstaff (weapon)
Armour
 d - a +0 robe
 e - a +0 shield
 m - a +0 leather armour (worn)
Scrolls
 l - a scroll of blinking
Potions
 i - a potion of haste
 j - 2 potions of magic


   Skills:
 + Level 9.2(4.1) Fighting
 + Level 6.4(1.7) Short Blades
 + Level 6.4(1.7) Long Blades
 + Level 6.4(1.7) Axes
 + Level 6.4(1.7) Maces & Flails
 + Level 6.4(1.7) Polearms
 + Level 8.0(3.0) Staves
 + Level 6.4(1.7) Slings
 + Level 6.4(1.7) Bows
 + Level 6.4(1.7) Crossbows
 + Level 6.4(1.7) Throwing
 + Level 6.4(1.7) Armour
 + Level 6.4(1.7) Dodging
 + Level 6.4(1.7) Stealth
 + Level 7.0(2.2) Shields
 + Level 6.4(1.7) Unarmed Combat
 + Level 9.6(4.5) Spellcasting
 + Level 5.3(0.7) Conjurations
 + Level 5.3(0.7) Hexes
 + Level 5.3(0.7) Charms
 + Level 5.3(0.7) Summonings
 + Level 5.3(0.7) Necromancy
 + Level 5.3(0.7) Translocations
 + Level 5.3(0.7) Transmutations
 + Level 5.3(0.7) Fire Magic
 + Level 5.3(0.7) Ice Magic
 + Level 5.3(0.7) Air Magic
 + Level 5.3(0.7) Earth Magic
 + Level 5.3(0.7) Poison Magic
 + Level 7.0(2.2) Invocations
 + Level 7.0(2.2) Evocations


You had 16 spell levels left.
You knew the following spells:

 Your Spells              Type           Power        Failure   Level  Hunger
a - Confuse               Hex            #.......     43%         3    ###....
b - Gell's Gravitas       Tloc           #.........   43%         3    ###....
c - Petrify               Tmut/Erth      #.......     85%         4    ####...

Your spell library contained the following spells:

 Spells                   Type           Power        Failure   Level  Hunger
 Shock                    Conj/Air       #...         16%         1    None
 Animate Skeleton         Necr           N/A          16%         1    None
 Apportation              Tloc           #.....       16%         1    None
 Confusing Touch          Hex            #.....       16%         1    None
 Summon Small Mammal      Summ           #...         16%         1    None
 Metabolic Englaciation   Hex/Ice        #.........   99%         5    ######.
 Yara's Violent Unravell  Hex/Tmut       #.........   99%         5    ######.


Dungeon Overview and Level Annotations

Branches:
Dungeon (1/1)

Altars:
Cheibriados
Dithmenos
Elyvilon
Fedhas
Gozag
Hepliaklqana
Kikubaaqudgha
Makhleb
Nemelex Xobeh
Okawaru
Qazlal
Ru
Sif Muna
Trog
Uskayaw
Vehumet
Wu Jian
Xom
Yredelemnul
Zin
The Shining One
Jiyva
Lugonu

Shops:
D :

Annotations:
D Sonja


Innate Abilities, Weirdness & Mutations

Your experience applies equally to all skills.
You have very sharp teeth.
Your uncanny sense of smell can sniff out nearby items.


Message History

Sonja hits you with a +1 dagger of draining!
* * * LOW HITPOINT WARNING * * *
You feel drained.
* * * LOW HITPOINT WARNING * * *
Sonja hits you with a +1 dagger of draining.
* * * LOW HITPOINT WARNING * * *
You feel drained.
* * * LOW HITPOINT WARNING * * *
Sonja hits you with a +1 dagger of draining.
* * * LOW HITPOINT WARNING * * *
You feel drained.
Casting: Confuse (slightly dangerous; 43% risk of failure)
Confirm with . or Enter, or press ? or * to list all spells.
Aiming: Confuse (slightly dangerous; 43% risk of failure)
Press: ? - help, Shift-Dir - straight line, p - Sonja You miscast Confuse.
You are very lightly contaminated with residual magic.
Your hands glow momentarily.
Sonja hits you with a +1 dagger of draining!
You die...

##########################
#<.#..'..#.)'..#__#..')..#∆∆
#..').#.)'..#..'..'..#)..#
#..#####'#####'#__####...+
#..####..#...#(####∆∆#####
#..#__####..##.# ∆∆
#..#_____##'#_.+
#⌠⌠#_.∩...'K(._# ∆∆
####_..__##@(#'#
∆∆#_____###'#(#∆∆∆∆ ∆
#########.### ∆ +$.$+∆∆ ∆∆ ∆
#$.$# ##.## ∆#+#∆ ∆∆∆∆∆
∆∆∆∆∆


You could see Sonja.

Vanquished Creatures
  2 kobold demonologists (D)
  A slime creature (D)
  Sigmund (D)
  A yak (D)
  A floating eye (D)
  An ogre (D)
  A jelly (D)
  Ijyb (D)
9 creatures vanquished.

Vanquished Creatures (others)
  A gargoyle (D)
1 creature vanquished.

Grand Total: 10 creatures vanquished

Notes
Turn   | Place    | Note
-------+----------+-------------------------------------------
     0 | D        | silentkaos13 the Gnoll Wanderer began the quest for the
                  | Orb.
     0 | D        | silentkaos13 set off with the following items: a +0 club, a
                  | +0 quarterstaff, a potion of lignification, a +0 robe, a +0
                  | shield, a ration, a potion of curing, a potion of heal
                  | wounds, a potion of haste, 2 potions of magic, a potion of
                  | berserk rage, a scroll of blinking
     0 | D        | Reached XP level 1. HP: 23/23 MP: 8/8
     8 | D        | Noticed Ijyb
    20 | D        | Killed Ijyb
    20 | D        | Reached skill level 1 in Short Blades
    20 | D        | Reached skill level 1 in Long Blades
    20 | D        | Reached skill level 1 in Axes
    20 | D        | Reached skill level 1 in Maces & Flails
    20 | D        | Reached skill level 1 in Polearms
    20 | D        | Reached skill level 1 in Slings
    20 | D        | Reached skill level 1 in Bows
    20 | D        | Reached skill level 1 in Crossbows
    20 | D        | Reached skill level 1 in Throwing
    20 | D        | Reached skill level 1 in Armour
    20 | D        | Reached skill level 1 in Dodging
    20 | D        | Reached skill level 1 in Stealth
    20 | D        | Reached skill level 1 in Unarmed Combat
    20 | D        | Reached skill level 1 in Conjurations
    20 | D        | Reached skill level 1 in Hexes
    20 | D        | Reached skill level 1 in Charms
    20 | D        | Reached skill level 1 in Summonings
    20 | D        | Reached skill level 1 in Necromancy
    20 | D        | Reached skill level 1 in Translocations
    20 | D        | Reached skill level 1 in Transmutations
    20 | D        | Reached skill level 1 in Fire Magic
    20 | D        | Reached skill level 1 in Ice Magic
    20 | D        | Reached skill level 1 in Air Magic
    20 | D        | Reached skill level 1 in Earth Magic
    20 | D        | Reached skill level 1 in Poison Magic
    20 | D        | Reached XP level 2. HP: 20/29 MP: 10/10
    20 | D        | Reached XP level 3. HP: 24/35 MP: 11/11
    70 | D        | Killed a gargoyle
   126 | D        | Noticed an ogre
   131 | D        | Killed an ogre
   131 | D        | Reached skill level 5 in Staves
   131 | D        | Reached XP level 4. HP: 43/43 MP: 11/13
   141 | D        | Noticed Sigmund
   164 | D        | Killed Sigmund
   164 | D        | Reached XP level 5. HP: 24/49 MP: 13/15
   164 | D        | Reached XP level 6. HP: 28/56 MP: 14/17
   330 | D        | Found an ornate altar of the Wu Jian Council.
   330 | D        | Found a deep blue altar of Sif Muna.
   332 | D        | Found a radiant altar of Vehumet.
   338 | D        | Reached skill level 5 in Shields
   338 | D        | Reached skill level 5 in Evocations
   367 | D        | Found Atasoep's Book Emporium.
   367 | D        | Found an ancient bone altar of Kikubaaqudgha.
   367 | D        | Found a hazy altar of Hepliaklqana.
   367 | D        | Found a stormy altar of Qazlal.
   367 | D        | Found a hide-covered altar of Uskayaw.
   367 | D        | Found a blossoming altar of Fedhas.
   367 | D        | Found a bloodstained altar of Trog.
   367 | D        | Found an iron altar of Okawaru.
   367 | D        | Found a basalt altar of Yredelemnul.
   367 | D        | Found a glowing golden altar of the Shining One.
   367 | D        | Found a snail-covered altar of Cheibriados.
   367 | D        | Found a sacrificial altar of Ru.
   367 | D        | Found a glowing silver altar of Zin.
   367 | D        | Found a shadowy altar of Dithmenos.
   367 | D        | Found a white marble altar of Elyvilon.
   367 | D        | Noticed a yak
   368 | D        | Found an opulent altar of Gozag.
   381 | D        | HP: 2/56 [yak (14)]
   385 | D        | Killed a yak
   385 | D        | Reached skill level 5 in Invocations
   386 | D        | Found a sparkling altar of Nemelex Xobeh.
   633 | D        | Bought a book of Misfortune for 200 gold pieces
   637 | D        | Learned a level 3 spell: Confuse
   641 | D        | Learned a level 3 spell: Gell's Gravitas
   646 | D        | Learned a level 4 spell: Petrify
   660 | D        | Became a worshipper of Vehumet
   667 | D        | Found a burning altar of Makhleb.
   667 | D        | Found a viscous altar of Jiyva.
   667 | D        | Found a shimmering altar of Xom.
   667 | D        | Found a corrupted altar of Lugonu.
   667 | D        | Noticed a slime creature
   682 | D        | HP: 1/56 [slime creature (8)]
   689 | D        | HP: 2/84 [slime creature (8)]
   692 | D        | Killed a slime creature
   692 | D        | Reached skill level 5 in Short Blades
   692 | D        | Reached skill level 5 in Long Blades
   692 | D        | Reached skill level 5 in Axes
   692 | D        | Reached skill level 5 in Maces & Flails
   692 | D        | Reached skill level 5 in Polearms
   692 | D        | Reached skill level 5 in Slings
   692 | D        | Reached skill level 5 in Bows
   692 | D        | Reached skill level 5 in Crossbows
   692 | D        | Reached skill level 5 in Throwing
   692 | D        | Reached skill level 5 in Armour
   692 | D        | Reached skill level 5 in Dodging
   692 | D        | Reached skill level 5 in Stealth
   692 | D        | Reached skill level 5 in Unarmed Combat
   692 | D        | Reached XP level 7. HP: 3/63 MP: 14/19
  1032 | D        | Bought a book of Cantrips for 200 gold pieces
  1049 | D        | Noticed a kobold demonologist
  1050 | D        | Noticed a kobold demonologist
  1051 | D        | Paralysed by a floating eye for 3 turns
  1056 | D        | Noticed a neqoxec
  1065 | D        | Killed a kobold demonologist
  1065 | D        | Reached * piety under Vehumet
  1065 | D        | Offered knowledge of Shock by Vehumet.
  1065 | D        | Reached skill level 5 in Conjurations
  1065 | D        | Reached skill level 5 in Hexes
  1065 | D        | Reached skill level 5 in Charms
  1065 | D        | Reached skill level 5 in Summonings
  1065 | D        | Reached skill level 5 in Necromancy
  1065 | D        | Reached skill level 5 in Translocations
  1065 | D        | Reached skill level 5 in Transmutations
  1065 | D        | Reached skill level 5 in Fire Magic
  1065 | D        | Reached skill level 5 in Ice Magic
  1065 | D        | Reached skill level 5 in Air Magic
  1065 | D        | Reached skill level 5 in Earth Magic
  1065 | D        | Reached skill level 5 in Poison Magic
  1065 | D        | Reached XP level 8. HP: 71/71 MP: 18/21
  1069 | D        | Killed a kobold demonologist
  1113 | D        | Noticed Sonja
  1128 | D        | HP: 3/71 [Sonja/+1 dagger of draining (1)]
  1128 | D        | HP: 1/71 [Sonja/+1 dagger of draining (2)]
  1129 | D        | Mangled by Sonja

Levels and vault maps discovered:
D:        dungeon_sprint_1 [red_sonja_temple_1, red_sonja_temple_small_1]

Skill      XL: |  1  2  3  4  5  6  7  8 |
---------------+-------------------------+-----
Short Blades   | 1 3 4 5 6 |  6.4
Long Blades    | 1 3 4 5 6 |  6.4
Axes           | 1 3 4 5 6 |  6.4
Maces & Flails | 1 3 4 5 6 |  6.4
Polearms       | 1 3 4 5 6 |  6.4
Slings         | 1 3 4 5 6 |  6.4
Bows           | 1 3 4 5 6 |  6.4
Crossbows      | 1 3 4 5 6 |  6.4
Throwing       | 1 3 4 5 6 |  6.4
Armour         | 1 3 4 5 6 |  6.4
Dodging        | 1 3 4 5 6 |  6.4
Stealth        | 1 3 4 5 6 |  6.4
Shields        | 3 4 6 7 |  7.0
Unarmed Combat | 1 3 4 5 6 |  6.4
Conjurations   | 1 2 3 4 5 |  5.3
Hexes          | 1 2 3 4 5 |  5.3
Charms         | 1 2 3 4 5 |  5.3
Summonings     | 1 2 3 4 5 |  5.3
Necromancy     | 1 2 3 4 5 |  5.3
Translocations | 1 2 3 4 5 |  5.3
Transmutations | 1 2 3 4 5 |  5.3
Fire Magic     | 1 2 3 4 5 |  5.3
Ice Magic      | 1 2 3 4 5 |  5.3
Air Magic      | 1 2 3 4 5 |  5.3
Earth Magic    | 1 2 3 4 5 |  5.3
Poison Magic   | 1 2 3 4 5 |  5.3
Invocations    | 2 3 4 6 7 |  7.0
Evocations     | 3 4 6 7 |  7.0
Fighting       | 7 8 9 |  9.2
Staves         | 5 6 7 8 |  8.0
Spellcasting   | 8 9 |  9.6

Action                   |  1- 3 |  4- 6 |  7- 9 || total
-------------------------+-------+-------+-------++-------
Melee: Quarterstaff      |    14 |    57 |    20 ||    91
       Bite              |     1 |     4 |     3 ||     8
 Cast: Gell's Gravitas   |       |     1 |     1 ||     2
       Confuse           |       |     1 |     3 ||     4
  Use: Potion            |       |     3 |     1 ||     4
 Stab: Sleeping          |     1 |     2 |       ||     3
       Confused          |       |     2 |     2 ||     4
  Eat: Ration            |       |       |     1 ||     1
Armor: Skin              |       |     2 |       ||     2
       Leather armour    |       |     1 |     8 ||     9
Dodge: Dodged            |     6 |    21 |    27 ||    54

Table legend:
 A = Non-vault XP
 B = Vault XP
 C = Vault XP percentage of total XP
 D = Non-vault monster count
 E = Vault monster count
 F = Vault count percentage of total count
                 A         B        C        D         E       F
            +---------+---------+-------+---------+---------+-------
      Total |       0 |    1730 | 100.0 |       0 |       9 | 100.0
            +---------+---------+-------+---------+---------+-------
          D |       0 |    1730 | 100.0 |       0 |       9 | 100.0
            +---------+---------+-------+---------+---------+-------
